 Dungeon Crawl Stone Soup version 0.30.0-5-g1a98f26d00 (webtiles) character file.

Game seed: 3322132561707839405

65 sampeng1 the Chopper (level 4, 0/52 HPs)
             Began as a Human Berserker on May 11, 2023.
             Was a Believer of Trog.
             Constricted to death by Natasha (7 damage)
             ... on level 3 of the Dungeon.
             The game lasted 00:06:38 (1943 turns).

sampeng1 the Chopper (Human Berserker)              Turns: 1943, Time: 00:06:39

Health: 0/52       AC:  7    Str: 19    XL:     4   Next: 35%
Magic:  4/4        EV:  8    Int:  8    God:    Trog [**....]
Gold:   129        SH:  0    Dex: 12    Spells: 3/3 levels left

rFire   . . .        a - +1 hand axe
rCold   . . .        (no shield)
rNeg    . . .        n - +1 ring mail
rPois   .            l - +0 helmet
rElec   .            (no cloak)
rCorr   .            (no gloves)
SInv    .            (no boots)
Will    +....        (no amulet) Stlth
                     r - ring of willpower
HPRegen 0.28/turn    (no ring)
MPRegen 0.09/turn

%: no passive effects
@: berserking, grasped by roots, constricted, very quick
A: no striking features
a: Renounce Religion, Berserk, Trog's Hand


You were on level 3 of the Dungeon.
You worshipped Trog.
Trog was pleased with you.
You visited 1 branch of the dungeon, and saw 3 of its levels.

You collected 129 gold pieces.

Inventory:

Hand Weapons
 a - a +1 hand axe (weapon)
Missiles
 e - 11 stones (quivered)
 i - 2 javelins
Armour
 b - a +0 animal skin
 l - a +0 helmet (worn)
 n - a +1 ring mail (worn)
Jewellery
 r - a ring of willpower (left hand)
Scrolls
 f - a scroll of blinking
 g - a scroll of silence {unknown}
 h - a scroll of summoning
 o - a scroll of poison {unknown}
Potions
 c - a potion of heal wounds
 d - 3 potions of might
 j - a potion of brilliance
 k - a potion of ambrosia
 m - a potion of mutation {unknown}
 p - a potion of attraction {unknown}
 s - 3 potions of curing


   Skills:
 + Level 3.5 Fighting
 + Level 3.5 Axes
 + Level 2.7 Armour
 + Level 2.6 Dodging


You had 3 spell levels left.
You didn't know any spells.
Your spell library was empty.

Dungeon Overview and Level Annotations

Branches:
Dungeon (3/15)

Altars:
The Shining One

Annotations:
D:3 Natasha


Message History

You kneel at the altar of the Shining One.
You feel yourself speed up.
You recover from your berserk rage.
HP restored.
You now have 129 gold pieces (gained 12).
o - a scroll labelled PIUHIT KUARCHIH
Found a stone staircase leading down.
Natasha, Servant of Life and Death comes into view.
She is carrying a wand of roots (7).
Found a glowing dagger.
Natasha hisses angrily.
You closely miss Natasha.
Natasha zaps a wand.
The roots erupt in riotous growth!
The grasping roots grab you!
Natasha is unaffected.
The grasping roots constrict you. Natasha casts a spell at you.
The magic dart hits you but does no damage.
The grasping roots constrict you!
You slash Natasha!
Natasha is heavily wounded.
Natasha claws you. The grasping roots constrict you.
You completely miss Natasha.
Natasha is heavily wounded.
Natasha claws you. The grasping roots constrict you.
The grasping roots release their grip on you.
You hit Natasha but do no damage.
Natasha is heavily wounded.
Natasha claws you but does no damage.
You barely miss Natasha.
Natasha is heavily wounded.
Natasha zaps a wand.
The roots erupt in riotous growth!
The grasping roots grab you!
Natasha is unaffected.
The grasping roots constrict you.
* * * LOW HITPOINT WARNING * * *
A red film seems to cover your vision as you go berserk!
You feel yourself moving faster!
You feel mighty!
Natasha stares at you and mumbles some strange words.
The magic dart hits you!
* * * LOW HITPOINT WARNING * * *
The grasping roots constrict you!
You die...

#### #.>.
#..# # #..#
#.#
#..####...#
#....@h...#
#...#####.)..
#...# . #...#
#...# #...#
#...# #...#
#...#


You could see Natasha.

Vanquished Creatures
  Natasha (D:3)
  A gnoll (D:1)
  A worm (D:2)
  2 endoplasms (D:2)
  2 giant cockroaches
  3 goblins
  4 hobgoblins
  A quokka (D:1)
  2 ball pythons
  6 bats
  A frilled lizard (D:1)
  2 kobolds
  2 rats (D:2)
28 creatures vanquished.

Notes
Turn   | Place    | Note
-------+----------+-------------------------------------------
     0 | D:1      | sampeng1 the Human Berserker began the quest for the Orb.
     0 | D:1      | Reached XP level 1. HP: 18/18 MP: 1/1
   498 | D:1      | Reached XP level 2. HP: 24/24 MP: 2/2
   563 | D:1      | Found a faded altar of an unknown god.
   925 | D:2      | Reached XP level 3. HP: 29/29 MP: 3/3
  1468 | D:2      | Reached ** piety under Trog
  1808 | D:3      | Noticed Natasha
  1808 | D:3      | Found a glowing golden altar of the Shining One.
  1816 | D:3      | Killed Natasha
  1817 | D:3      | Reached XP level 4. HP: 25/35 MP: 4/4
  1934 | D:3      | Noticed Natasha
  1943 | D:3      | Constricted to death by Natasha

Illustrated notes

Levels and vault maps discovered:
D:1:      minmay_arrival_widening_spiral_narrow, layout_basic,
          hellmonk_ecumenical_altar_pennies_from_heaven
D:2:      layout_basic
D:3:      layout_basic, mainiacjoe_overflow_catwalk_spiral,
          overflow_temple_1_default, old_standard_altar, minivault_24,
          serial_bayou_crossing, uniq_crazy_yiuf_cottage, uniq_natasha

Action                     |  1- 3 |  4- 6 || total
---------------------------+-------+-------++-------
  Melee: Hand axe          |    83 |     5 ||    88
         Punch             |     2 |       ||     2
 Invoke: Berserk           |     1 |     1 ||     2
    Use: Scroll            |    10 |       ||    10
 Armour: Animal skin       |     2 |       ||     2
         Ring mail         |    28 |     2 ||    30
  Dodge: Dodged            |    66 |       ||    66
